 Dungeon Crawl Stone Soup version 0.28.0-53-g5a82cb258f (webtiles) character file.

Game seed: 4492145768371561090

243 Zeld the Skirmisher (level 5, -3/48 HPs)
             Began as a Minotaur Berserker on June 10, 2022.
             Was a Believer of Trog.
             Slain by a gnoll
             ... wielding a +0 flail
              (7 damage)
             ... on level 3 of the Dungeon.
             The game lasted 00:01:44 (2987 turns).

Zeld the Skirmisher (Minotaur Berserker)            Turns: 2987, Time: 00:01:44

Health: -3/48      AC:  3    Str: 24    XL:     5   Next: 82%
Magic:  4/4        EV: 12    Int:  4    God:    Trog [**....]
Gold:   141        SH:  0    Dex:  9    Spells: 4/4 levels left

rFire   . . .      SeeInvis .   a - +0 hand axe
rCold   . . .      Faith    .   (no shield)
rNeg    . . .      Spirit   .   b - +0 animal skin
rPois   .          Reflect  .   (helmet restricted)
rElec   .          Harm     .   (no cloak)
rCorr   .          Rampage  .   k - +0 pair of gloves
Will    .....                   (no boots)
Stlth   +.........              f - amulet of the acrobat
HPRegen 0.16/turn               i - ring of flight
MPRegen 0.09/turn               (no ring)

@: flying
A: horns 2, retaliatory headbutt
a: Renounce Religion, Berserk, Trog's Hand


You were on level 3 of the Dungeon.
You worshipped Trog.
Trog was pleased with you.
You visited 1 branch of the dungeon, and saw 3 of its levels.

You collected 141 gold pieces.

Inventory:

Hand Weapons
 a - a +0 hand axe (weapon)
Armour
 b - a +0 animal skin (worn)
 k - a +0 pair of gloves (worn)
Jewellery
 f - an amulet of the acrobat (around neck)
 i - a ring of flight (left hand)
 m - a +6 ring of dexterity
Scrolls
 d - 2 scrolls of identify {unknown}
 g - a scroll of immolation {unknown}
 h - a scroll of enchant weapon {unknown}
 l - a scroll of teleportation {unknown}
Potions
 c - a potion of curing {unknown}
 e - a potion of berserk rage {unknown}
 j - 3 potions of heal wounds {unknown}


   Skills:
 * Level 5.5 Fighting
 * Level 5.4 Axes
 + Level 3.6 Armour
 + Level 3.3 Dodging


You had 4 spell levels left.
You didn't know any spells.
Your spell library was empty.

Dungeon Overview and Level Annotations

Branches:
Dungeon (3/15)

Altars:
Qazlal
Yredelemnul

Annotations:
D:3 2 transporters, Woods's ghost, amateur GnTm


Innate Abilities, Weirdness & Mutations

You have a pair of horns on your head.
You reflexively headbutt those who attack you in melee.


Message History

You hit the kobold brigand. You headbutt the kobold brigand.
The kobold brigand is moderately wounded.
You feel sick. The kobold brigand barely misses you.
The gnoll closely misses you.
The kobold brigand hits you with a +0 dagger.
You hit the kobold brigand but do no damage.
The kobold brigand is moderately wounded.
You feel sick.
The gnoll hits you from afar with a +0 halberd!
The kobold brigand barely misses you. The gnoll barely misses you.
You are too injured to fight recklessly!
You are too injured to fight recklessly!
You are too injured to fight recklessly!
You feel sick. The gnoll completely misses you.
The kobold brigand throws a curare-tipped dart.
The curare-tipped dart misses you.
You feel sick. The gnoll misses you. The gnoll completely misses you.
You feel sick.
You are no longer poisoned.
You feel yourself speed up.
You start resting.
A gnoll is nearby!
A gnoll is nearby!
A gnoll is nearby!
The orc shouts!
The gnoll completely misses you.
You hit the gnoll but do no damage. The gnoll barely misses you.
You hit the gnoll.
The gnoll is moderately wounded.
The gnoll splashes around in the water.
You hit the gnoll.
The gnoll is moderately wounded.
The gnoll hits you with a +0 flail!
* * * LOW HITPOINT WARNING * * *
You hit the gnoll but do no damage. Your headbutt misses the gnoll.
The gnoll is moderately wounded.
The gnoll hits you with a +0 flail!
* * * LOW HITPOINT WARNING * * *
The gnoll hits you with a +0 flail!
You die...

.##.##....≈≈≈.# ..#.##....≈≈≈.#.#
..#.##....≈≈≈.#.#
..#.##....≈≈≈.#.#
..#.##..))≈K###'#
..#.##..).≈≈#...#################
###.##....≈≈#o..#.............[..
.....#....≈≈#####≈≈≈≈≈≈≈≈≈≈≈≈≈≈≈≈
######....≈≈≈≈≈≈@≈≈≈≈≈≈≈≈≈≈≈≈≈≈≈≈
#....≈≈≈)≈≈≈g≈≈≈≈≈≈≈≈≈≈≈≈≈≈≈
#....P.............P........
#................P..........
############################


You could see a gnoll and an orc.

Vanquished Creatures
  A howler monkey (D:3)
  2 hounds (D:3)
  A gnoll shaman (D:3)
  2 gnolls (D:3)
  2 adders
  4 dart slugs
  6 orcs (D:3)
  3 bats
  5 endoplasms
  A giant cockroach (D:3)
  2 goblins
  6 hobgoblins
  13 jackals
  4 kobolds
  6 ball pythons
  4 frilled lizards
  A rat (D:1)
63 creatures vanquished.

Vanquished Creatures (others)
  4 plants (D:3)
4 creatures vanquished.

Grand Total: 67 creatures vanquished

Notes
Turn   | Place    | Note
-------+----------+-------------------------------------------
     0 | D:1      | Zeld the Minotaur Berserker began the quest for the Orb.
     0 | D:1      | Reached XP level 1. HP: 19/19 MP: 0/0
   162 | D:1      | Reached XP level 2. HP: 21/27 MP: 1/1
   397 | D:1      | Found a faded altar of an unknown god.
   884 | D:2      | Reached XP level 3. HP: 12/33 MP: 2/2
  1635 | D:3      | Noticed Woods's ghost (amateur GnTm)
  1643 | D:3      | Found a transporter.
  1789 | D:3      | Reached ** piety under Trog
  1800 | D:3      | Found a stormy altar of Qazlal.
  1840 | D:3      | Found a basalt altar of Yredelemnul.
  1893 | D:3      | Reached XP level 4. HP: 41/41 MP: 3/3
  2194 | D:3      | Found a transporter.
  2428 | D:3      | Reached skill level 5 in Fighting
  2433 | D:3      | Reached XP level 5. HP: 33/48 MP: 4/4
  2434 | D:3      | Reached skill level 5 in Axes
  2987 | D:3      | Slain by a gnoll

Illustrated notes

Levels and vault maps discovered:
D:1:      evilmike_arrival_rings, layout_rooms, chequers_ecumenical_altar_twisty
D:2:      layout_loops_cross
D:3:      lemuel_castle_with_subvaults [lemuel_castle_interior_original],
          layout_basic, mainiacjoe_overflow_catch_the_wave,
          gammafunk_ghost_stat_death

Skill      XL: |  1  2  3  4  5 |
---------------+----------------+-----
Fighting       | 4 5 |  5.5
Axes           | 4 5 |  5.4
Armour         | 3 |  3.6
Dodging        | 3 |  3.3

Action                   |  1- 3 |  4- 6 || total
-------------------------+-------+-------++-------
Melee: Hand axe          |    73 |    61 ||   134
       Headbutt          |     8 |    16 ||    24
       Punch             |       |     1 ||     1
Armor: Animal skin       |    13 |     7 ||    20
Dodge: Dodged            |    56 |    87 ||   143
